 Dungeon Crawl Stone Soup version 0.30.0-29-ga12c61a403 (webtiles) character file.

Game seed: 16710802866041152968

12296 KamiKatze the Cleaver (level 11, -10/60 HPs)
             Began as a Vine Stalker Fighter on June 4, 2023.
             Was a Priest of Uskayaw.
             Killed from afar by an electric eel (13 damage)
             ... with a bolt of electricity
             ... on level 12 of the Dungeon.
             The game lasted 00:29:41 (8910 turns).

KamiKatze the Cleaver (Vine Stalker Fighter)        Turns: 8910, Time: 00:29:42

Health: -10/60     AC: 15    Str: 28    XL:     11   Next: 91%
Magic:  0/16       EV: 11    Int:  8    God:    Uskayaw [***...]
Gold:   264        SH: 15    Dex: 15    Spells: 10/10 levels left

rFire   . . .        a - +3 broad axe
rCold   . . .        O - +0 kite shield
rNeg    . . .        b - +0 scale mail
rPois   .            u - +0 helmet
rElec   .            h - +2 cloak
rCorr   .            D - +0 pair of gloves
SInv    .            x - +1 pair of boots
Will    +....        L - amulet of reflection Stlth
                     e - ring of wizardry
HPRegen 1.10/turn    l - +6 ring of strength
MPRegen 0.15/turn

%: reflection, guardian spirit, wizardry (x1)
@: no status effects
A: fangs 3, regeneration 1, magic shield, antimagic bite, no potion heal 2
a: Renounce Religion, Stomp, Line Pass


You were on level 12 of the Dungeon.
You worshipped Uskayaw.
Uskayaw was noncommittal.
You visited 2 branches of the dungeon, and saw 13 of its levels.

You collected 603 gold pieces.
You spent 339 gold pieces at shops.

Inventory:

Hand Weapons
 a - a +3 broad axe (weapon)
 w - a +0 battleaxe
 H - a +0 morningstar
 J - a +2 flail of protection
 P - a +0 war axe
Missiles
 g - 5 curare-tipped darts (quivered)
 i - 27 poisoned darts
 K - 4 throwing nets
Armour
 b - a +0 scale mail (worn)
 c - a +0 buckler
 h - a +2 cloak (worn)
 u - a +0 helmet (worn)
 x - a +1 pair of boots (worn)
 z - a +0 chain mail
 C - a +0 plate armour
 D - a +0 pair of gloves (worn)
 O - a +0 kite shield (worn)
Jewellery
 e - a ring of wizardry (left hand)
 l - a +6 ring of strength (right hand)
 L - an amulet of reflection (around neck)
 T - a ring of ice
 V - a ring of fire
Wands
 N - a wand of polymorph (2)
 Q - a wand of iceblast (8)
 W - a wand of light (4)
Scrolls
 m - a scroll of fear
 o - 5 scrolls of enchant armour
 p - a scroll of poison
 q - 6 scrolls of vulnerability
 r - 12 scrolls of teleportation
 v - 2 scrolls of blinking
 y - a scroll of immolation
 E - a scroll of fog
Potions
 d - a potion of might
 j - 3 potions of resistance
 k - a potion of invisibility
 n - 3 potions of lignification
 s - 4 potions of curing
 t - 2 potions of attraction
 A - 2 potions of brilliance
 B - 2 potions of mutation
 F - 2 potions of flight
 G - 2 potions of cancellation
 M - 2 potions of haste
 S - a potion of berserk rage {unknown}


   Skills:
 + Level 8.5 Fighting
 * Level 11.4 Axes
 + Level 5.4 Armour
 + Level 4.6 Dodging
 * Level 6.2 Shields
 * Level 6.6 Invocations


You had 10 spell levels left.
You didn't know any spells.
Your spell library contained the following spells:

 Spells                   Type           Power      Damage    Failure   Level
 Kiss of Death            Conj/Necr      0%         2d5       52%         1
 Magic Dart               Conj           0%         1d3       52%         1
 Call Imp                 Summ           0%         N/A       65%         2
 Cigotuvi's Dreadful Rot  Necr/Pois/Air  0%         N/A       65%         2
 Hailstorm                Conj/Ice       0%         3d3       86%         3
 Ignite Poison            Fire/Tmut/Pois 0%         N/A       86%         3
 Inner Flame              Hex/Fire       0%         N/A       86%         3
 Mephitic Cloud           Conj/Pois/Air  0%         N/A       86%         3
 Vampiric Draining        Necr           0%         2d6       86%         3
 Animate Armour           Summ/Erth      0%         N/A       99%         4
 Dispel Undead            Necr           0%         3d6       99%         4
 Ice Form                 Ice/Tmut       0%         N/A       99%         4
 Blade Hands              Tmut           0%         N/A       100%        5
 Irradiate                Conj/Tmut      0%         3d11      100%        5
 Yara's Violent Unravell  Hex/Tmut       0%         3d3       100%        5
 Death Channel            Necr           0%         N/A       100%        6
 Iron Shot                Conj/Erth      0%         9d1       100%        6
 Simulacrum               Ice/Necr       0%         N/A       100%        6
 Enfeeble                 Hex            0%         N/A       100%        7
 Fire Storm               Conj/Fire      0%         5d1       100%        9


Dungeon Overview and Level Annotations

Branches:
Dungeon (12/15)            Temple (1/1) D:7            Lair (0/5) D:10
    Orc (0/2) D:10

Altars:
Ashenzari
Cheibriados
Dithmenos
Elyvilon
Fedhas
Gozag
Hepliaklqana
Kikubaaqudgha
Makhleb
Nemelex Xobeh
Okawaru
Qazlal
Ru
Sif Muna
Trog
Uskayaw
Vehumet
Wu Jian
Xom
Yredelemnul
Zin
The Shining One

Shops:
D:3 **[:   D:5 (   D:7 (   D:10 (=


Innate Abilities, Weirdness & Mutations

You have razor-sharp teeth.
Your natural rate of healing is unusually fast.
When hurt, damage is shared between your health and your magic reserves.
Your bite disrupts and absorbs the magic of your enemies.
Potions cannot restore your health.


Message History

You kill the electric eel!
You hear a splash.
You enter the shallow water.
Moving in this stuff is going to be slow.
A gnoll comes into view. It is wielding a +0 club.
The gnoll shouts!
You hear a shout!
The electric eel shoots out a bolt of lightning at you!
The bolt of electricity hits you.
* * * LOW HITPOINT WARNING * * *
The centaur shoots an arrow.
You block the arrow with an invisible shield... and reflect it back!
The arrow hits the centaur.
You see here an electric eel corpse.
The centaur is no longer sharing its pain.
The centaur shoots an arrow.
The arrow barely misses you.
The electric eel shoots out a bolt of lightning at you!
The bolt of electricity hits you.
* * * LOW HITPOINT WARNING * * *
The centaur shoots an arrow.
You block the arrow with an invisible shield... and reflect it back!
The arrow hits the centaur!
You hear a shout!
The electric eel is no longer sharing its pain.
The centaur shoots an arrow.
You block the arrow with an invisible shield... and reflect it back!
The arrow barely misses the centaur.
The electric eel shoots out a bolt of lightning at you!
The bolt of electricity hits you.
* * * LOW HITPOINT WARNING * * *
The centaur shoots an arrow.
You block the arrow with an invisible shield... and reflect it back!
The arrow barely misses the centaur.
The centaur shoots an arrow.
The arrow hits you.
* * * LOW HITPOINT WARNING * * *
The electric eel shoots out a bolt of lightning at you!
The bolt of electricity hits you!
* * * LOW HITPOINT WARNING * * *
The electric eel shoots out a bolt of lightning at you!
The bolt of electricity hits you!
You die...

#.#.......# #.#.......##
#.#........#
##.#...8....#
.<...†......# ####
###.........# #..
##........# #.# #
#######..######.#######.#
#.[....@........./##
########.##.)......#
#....†c~~....
#....~~.)..~..
≈~..~.g≈~.g(....
#~~~~~~~~~~g~~~~
#......~~....~~~
....~~.~≈.S~....
#.....~~~.......


You could see an electric eel and 2 gnolls.

Vanquished Creatures
  Fannar (D:11)
  2 two-headed ogres
  Sonja (D:10)
  Amaemon (D:9)
  An orange demon (D:10)
  Psyche (D:11)
  An unseen horror (D:11)
  A komodo dragon (D:11)
  A troll (D:10)
  Sigmund (D:4)
  A vampire (D:11)
  2 shadows (D:10)
  11 yaks
  A human (D:5)
  Edmund (D:5)
  2 acid dragons
  A water moccasin (D:6)
  2 ice beasts
  2 orc warriors
  2 sky beasts
  2 black bears (D:5)
  An ogre (D:6)
  A wolf (D:12)
  3 phantoms
  11 centaurs
  3 kobold brigands
  A bullfrog (D:6)
  3 gnoll sergeants
  4 scorpions
  25 killer bees
  3 electric eels
  7 hounds
  A jelly (D:5)
  5 orc priests
  Jessica (D:3)
  2 iguanas (D:5)
  14 orc wizards
  3 sleepcaps
  8 ogre zombies (D:10)
  14 gnolls
  6 adders
  A shadow imp (D:8)
  5 white imps
  3 ufetubi
  2 worms
  4 dart slugs
  18 orcs
  7 ball pythons
  2 bats
  6 endoplasms
  A giant cockroach (D:1)
  6 goblins
  4 hobgoblins
  16 kobolds
  9 quokkas
  3 training dummies (D:7)
  A frilled lizard (D:1)
  3 goblin skeletons (D:10)
  2 goblin zombies (D:10)
  A hobgoblin skeleton (D:10)
  3 hobgoblin zombies (D:10)
  2 orc skeletons (D:10)
  14 orc zombies (D:10)
  4 rats
271 creatures vanquished.

Notes
Turn   | Place    | Note
-------+----------+-------------------------------------------
     0 | D:1      | KamiKatze the Vine Stalker Fighter began the quest for the
                  | Orb.
     0 | D:1      | Reached XP level 1. HP: 11/11 MP: 2/2
   146 | D:1      | Reached skill level 2 in Axes
   146 | D:1      | Reached XP level 2. HP: 11/16 MP: 1/3
   711 | D:2      | Reached XP level 3. HP: 19/19 MP: 2/4
   992 | D:2      | Gained mutation: Your natural rate of healing is unusually
                  | fast. [Vine Stalker growth]
   992 | D:2      | Reached XP level 4. HP: 19/23 MP: 3/5
  1348 | D:3      | Found Kyaseadgh's Antique Armour Shop.
  1438 | D:3      | Found Ypsilid's Book Shop.
  1557 | D:3      | Found Noeple's General Store.
  1565 | D:3      | Bought a scroll of teleportation for 39 gold pieces
  1586 | D:3      | Noticed Jessica
  1595 | D:3      | Killed Jessica
  1596 | D:3      | Reached skill level 1 in Dodging
  1631 | D:3      | Found Asmos's Assorted Antiques.
  1809 | D:3      | Found Faxuff's Assorted Antiques.
  2298 | D:3      | Bought a scroll labelled CYASAN CIRESOG for 25 gold pieces
  2298 | D:3      | Bought a smoky orange potion for 22 gold pieces
  2298 | D:3      | Bought a scroll labelled CYASAN CIRESOG for 25 gold pieces
  2298 | D:3      | Bought a scroll labelled HELLIGU BIM for 25 gold pieces
  2311 | D:3      | Reached skill level 8 in Axes
  2311 | D:3      | Reached XP level 5. HP: 32/32 MP: 6/6
  2416 | D:4      | Reached XP level 6. HP: 32/37 MP: 5/7
  2535 | D:4      | Reached skill level 9 in Axes
  2593 | D:4      | Noticed Sigmund
  2602 | D:4      | Killed Sigmund
  2603 | D:4      | Reached XP level 7. HP: 41/41 MP: 8/8
  2748 | D:5      | Entered Level 5 of the Dungeon
  2775 | D:5      | Found Loanipp's Antique Weapon Shoppe.
  2918 | D:5      | Noticed Edmund
  2944 | D:5      | Killed Edmund
  3100 | D:5      | Gained mutation: You have razor-sharp teeth. [Vine Stalker
                  | growth]
  3100 | D:5      | Reached XP level 8. HP: 45/46 MP: 9/9
  3149 | D:5      | Found a snail-covered altar of Cheibriados.
  3287 | D:5      | Found a runed translucent door.
  3293 | D:5      | Found a basalt altar of Yredelemnul.
  3505 | D:6      | Found a hide-covered altar of Uskayaw.
  3533 | D:6      | Became a worshipper of Uskayaw the Reveller
  3558 | D:6      | Reached * piety under Uskayaw
  3574 | D:6      | Reached ** piety under Uskayaw
  3576 | D:6      | Reached *** piety under Uskayaw
  3722 | D:6      | Found a broken altar of Ashenzari.
  3756 | D:6      | Reached **** piety under Uskayaw
  3771 | D:6      | Reached ***** piety under Uskayaw
  3772 | D:6      | Reached XP level 9. HP: 46/50 MP: 7/10
  3811 | D:6      | Reached skill level 1 in Invocations
  4040 | D:6      | Reached skill level 10 in Axes
  4295 | D:7      | Found a staircase to the Ecumenical Temple.
  4307 | Temple   | Entered the Ecumenical Temple
  4945 | D:7      | Found Jen Lats's Firing Range.
  5107 | D:8      | Found a hazy altar of Hepliaklqana.
  5931 | D:8      | Reached XP level 10. HP: 41/56 MP: 13/13
  6288 | D:9      | Identified the +2 dagger "Vikuov" {spect, Int+5}
  6320 | D:9      | Reached ****** piety under Uskayaw
  6372 | D:9      | Got Vehumet's Anthology of Impulse
  6571 | D:9      | Found a burning altar of Makhleb.
  6757 | D:5      | Bought a glowing broad axe for 203 gold pieces
  6857 | D:10     | Entered Level 10 of the Dungeon
  6862 | D:10     | Noticed Amaemon
  6880 | D:10     | Noticed an orange demon
  7026 | D:9      | Killed Amaemon
  7085 | D:10     | Killed an orange demon
  7174 | D:10     | Found Ritaxi's Antique Weapon Shop.
  7330 | D:10     | Found a staircase to the Orcish Mines.
  7368 | D:10     | Found Pitya's Jewellery Shoppe.
  7431 | D:10     | Found a shadowy altar of Dithmenos.
  7433 | D:10     | Noticed Sonja
  7446 | D:10     | Killed Sonja
  7447 | D:10     | Reached skill level 5 in Invocations
  7447 | D:10     | Reached XP level 11. HP: 21/60 MP: 8/15
  7520 | D:10     | Reached skill level 5 in Shields
  7533 | D:10     | Noticed a two-headed ogre
  7558 | D:10     | Killed a two-headed ogre
  7559 | D:10     | Reached skill level 5 in Armour
  7581 | D:10     | Reached skill level 11 in Axes
  7585 | D:10     | Found a staircase to the Lair.
  7637 | D:10     | Found a transporter.
  7667 | D:10     | Found a radiant altar of Vehumet.
  7680 | D:10     | Found a transporter.
  7751 | D:10     | Found a transporter.
  7809 | D:10     | Found a transporter.
  8186 | D:11     | Noticed a two-headed ogre
  8195 | D:11     | Killed a two-headed ogre
  8213 | D:11     | Noticed Fannar
  8259 | D:11     | Killed Fannar
  8355 | D:11     | Got Hepnycre's Everyday Spellwork
  8411 | D:11     | Noticed Psyche
  8426 | D:11     | Killed Psyche
  8785 | D:11     | Found a shimmering blue altar of Sif Muna.
  8909 | D:12     | HP: 1/60 [electric eel/bolt of electricity (7)]
  8910 | D:12     | Killed from afar by an electric eel

Illustrated notes

Levels and vault maps discovered:
D:1:      nzn_arrival_crosshair, layout_basic
D:2:      layout_basic
D:3:      layout_basic, serial_shops, shop, shop, shop,
          nicolae_shop_advertising_works [nicolae_subvault_shop_adworks],
          shop_fountains, grunt_decor_one_mirror, kennysheep_jessica_study
D:4:      layout_rooms, uniq_sigmund
D:5:      layout_basic, dk_yredelemnul_ordeal, cheibriados_altar_1,
          serial_shops, shop, uniq_edmund
D:6:      layout_cave_pods, nicolae_uskayaw_dance_studio,
          mainiacjoe_overflow_alcove_1
D:7:      layout_loops_ring, minmay_temple_entry_tees, nicolae_shop_firing_range
D:8:      layout_basic, mainiacjoe_overflow_alcove_2
D:9:      layout_rooms, lemuel_coloured_pillars_altar, glass_columns_a
D:10:     layout_stronghold, grunt_dithmenos_smoke, kennysheep_mini_moat,
          erik_lair_island, zombieorc2_lemuel, serial_shops, nicolae_shop_stone,
          shop_coins, nicolae_transporter_intersection, uniq_amaemon, uniq_sonja
D:11:     layout_basic, ebering_dispersal_statue_hall, tgw_sif, uniq_fannar,
          uniq_psyche
D:12:     layout_loops_ring, serial_ice, serial_ice_k, serial_ice_d,
          serial_ice_h, serial_ice_f, serial_ice_g, serial_ice_o,
          portal_ice_cave_demonic_guard
Temple:   nicolae_temple_two_arcs

Skill      XL: |  1  2  3  4  5  6  7  8  9 10 11 |
---------------+----------------------------------+-----
Axes           | 2 8 9 10 11 | 11.4
Shields        | 3 4 6 |  6.2
Fighting       | 6 7 8 |  8.5
Dodging        | 1 2 3 4 |  4.6
Armour         | 3 4 5 |  5.4
Invocations    | 3 5 6 |  6.6

Action                     |  1- 3 |  4- 6 |  7- 9 | 10-12 || total
---------------------------+-------+-------+-------+-------++-------
  Melee: War axe           |    68 |    70 |   242 |    49 ||   429
         Bite              |    13 |    20 |    64 |    79 ||   176
         Broad axe         |       |       |       |   217 ||   217
  Throw: Dart              |       |     2 |       |       ||     2
  Evoke: Wand              |       |       |       |     6 ||     6
    Use: Scroll            |       |     9 |     5 |    10 ||    24
         Potion            |       |     1 |       |     2 ||     3
   Stab: Paralysed         |       |       |    15 |    35 ||    50
 Armour: Scale mail        |    28 |    27 |    96 |   133 ||   284
  Dodge: Dodged            |    20 |    25 |   110 |   134 ||   289
  Block: Buckler           |    13 |    10 |    78 |    26 ||   127
         Reflection        |       |       |     2 |    21 ||    23
         Kite shield       |       |       |       |   176 ||   176
